 Dungeon Crawl Stone Soup version 0.22.0-38-g04b72b8 (webtiles) character file.

1262 torrenera the Grappler (level 8, -7/100 HPs)
             Began as a Troll Wizard on Aug 31, 2018.
             Was an Initiate of Cheibriados.
             Engulfed by a cloud of flame (14 damage)
             ... on level 6 of the Dungeon.
             The game lasted 00:10:20 (4157 turns).

torrenera the Grappler (Troll Wizard)               Turns: 4157, Time: 00:10:21

Health: -7/100     AC: 24    Str: 17    XL:     8   Next: 27%
Magic:  5/10       EV:  1    Int: 17    God:    Cheibriados [......]
Gold:   188        SH:  0    Dex:  9    Spells: 2/11 levels left

rFire    . . .     SeeInvis .     - Unarmed
rCold    . . .     Gourm    +   (no shield)
rNeg     + + +     Faith    .   (armour currently unavailable)
rPois    +         Spirit   .   (helmet currently unavailable)
rElec    .         Reflect  .   (cloak currently unavailable)
rCorr    .         Harm     .   (gloves unavailable)
MR       .....     NoTele   +   (boots unavailable)
Stlth    +.........             (no amulet)
HPRegen  0.66/turn              (no ring)
MPRegen  0.12/turn              (no ring)

@: tree-form, very slightly contaminated, hasted, very quick
A: large, unfitting armour, fast metabolism 3, gourmand, regeneration 1
a: Bend Time, Renounce Religion


You were on level 6 of the Dungeon.
You worshipped Cheibriados.
Cheibriados was noncommittal.
You were completely stuffed.
You were a tree.
You visited 1 branch of the dungeon, and saw 6 of its levels.

You collected 230 gold pieces.
You spent 42 gold pieces at shops.

Inventory:

Hand Weapons
 r - the +1 mace of the Orb {venom, rC+ rN++ Str-2 Dex+2 Stlth+, unknown}
   (You found it on level 4 of the Dungeon)

   It poisons the flesh of those it strikes.
   It affects your strength (-2).
   It affects your dexterity (+2).
   It protects you from cold.
   It greatly protects you from negative energy.
   It makes you more stealthy.
Missiles
 i - 4 large rocks
 s - 5 tomahawks
 t - 2 silver tomahawks (quivered)
Armour
 a - a +0 robe (melded)
 b - a +0 hat (melded)
Wands
 p - a wand of polymorph (11)
Scrolls
 c - 2 scrolls of immolation
 e - 3 scrolls of fear
 f - 6 scrolls of remove curse {unknown}
 h - 2 scrolls of identify
 k - a scroll of blinking {unknown}
 m - a scroll of enchant weapon {unknown}
 n - a scroll of fog {unknown}
 u - 4 scrolls of magic mapping {unknown}
 w - a scroll of amnesia {unknown}
Potions
 g - 2 potions of curing
 j - a potion of lignification
 l - a potion of haste
 o - a potion of degeneration {unknown}
 q - a potion of cancellation {unknown}
 v - a potion of berserk rage {unknown}
 x - a potion of might {unknown}
 A - 2 potions of flight
Comestibles
 d - 13 rations
 z - 3 chunks of flesh


   Skills:
 - Level 1.5 Dodging
 - Level 1.0 Stealth
 + Level 9.9 Unarmed Combat
 - Level 2.0 Spellcasting
 - Level 0.6 Conjurations
   Level 0.6 Summonings
 - Level 0.6 Translocations


You had 2 spell levels left.
You knew the following spells:

 Your Spells              Type           Power        Failure   Level  Hunger
a - Magic Dart            Conj           #...         16%         1    #......
b - Blink                 Tloc           N/A          22%         2    ###....
c - Conjure Flame         Conj/Fire      #.......     45%         3    ###....
d - Mephitic Cloud        Conj/Pois/Air  #.......     47%         3    ###....

Your spell library contained the following spells:

 Spells                   Type           Power        Failure   Level  Hunger
 Call Imp                 Summ           #.......     22%         2    ###....
 Slow                     Hex            #.......     28%         2    ###....


Dungeon Overview and Level Annotations

Branches:
Dungeon (6/15)
 Temple: D:4-7

Altars:
Cheibriados
Dithmenos
Hepliaklqana
Nemelex Xobeh
Qazlal
Xom

Shops:
D:4 !


Innate Abilities, Weirdness & Mutations

You are too large for most types of armour.
((You have claws for hands.))
Your metabolism is lightning-fast.
You like to eat raw meat.
Your natural rate of healing is unusually fast.
((You are covered in fur. (AC +1)))
((You have very tough skin. (AC +2)))


Message History

* * * LOW HITPOINT WARNING * * *
You feel sick.
You cannot move.
You cannot move.
You are engulfed in blazing flames.
You are engulfed in blazing flames.
You feel sick.
You are engulfed in blazing flames.
* * * LOW HITPOINT WARNING * * *
x2 You feel sick.
You are stuck in your current form!
You feel better.
You are engulfed in blazing flames.
* * * LOW HITPOINT WARNING * * *
The flow of time bends around you.
You feel slightly less full.
You are engulfed in blazing flames.
* * * LOW HITPOINT WARNING * * *
You feel better.
You are engulfed in blazing flames.
* * * LOW HITPOINT WARNING * * *
You cannot move.
You are engulfed in blazing flames.
You die...

...###.......###..####....###..##
###...#######....## ##...##..###
# ###.# #......## ##%...#.## #
#.# #...##..###.......#### #.#
#.#..####.#..........## ...
#..#..# ##............. ...
...###.# ##....÷......... #.....#
##.###...............
##.....##...♣§...............
...#....###§...............
###.###..§.............. #.
#.................. #.
#.................. #.
...................
....y.................
...................... ..
..............


There were no monsters in sight!

Vanquished Creatures
  2 ice beasts
  A centaur (D:5)
  An ogre (D:6)
  4 killer bees (D:6)
  A howler monkey (D:4)
  A jelly (D:5)
  2 orc priests
  A hound (D:4)
  A centaur skeleton (D:4)
  An orc wizard (D:6)
  3 bullfrog skeletons (D:4)
  Terence (D:3)
  7 worker ants (D:4)
  Natasha (thrice) (D:3)
  8 adders
  2 oozes
  2 adder skeletons (D:4)
  A dart slug (D:3)
  5 leopard geckos
  16 orcs
  6 bats
  5 giant cockroaches
  8 goblins
  A hobgoblin (D:3)
  A quokka (D:2)
  7 frilled lizards
  A jackal zombie (D:5)
  10 kobolds
  A leopard gecko skeleton (D:4)
  2 quokka skeletons
  10 rats
115 creatures vanquished.

Notes
Turn   | Place    | Note
-------+----------+-------------------------------------------
     0 | D:1      | torrenera the Troll Wizard began the quest for the Orb.
     0 | D:1      | Reached XP level 1. HP: 16/16 MP: 2/2
    60 | D:1      | Reached skill level 1 in Unarmed Combat
   262 | D:1      | Reached XP level 2. HP: 24/24 MP: 4/4
   377 | D:1      | Reached skill level 2 in Unarmed Combat
   677 | D:2      | Found a sparkling altar of Nemelex Xobeh.
   911 | D:2      | Reached XP level 3. HP: 31/31 MP: 5/5
   914 | D:2      | Found a hazy altar of Hepliaklqana.
   915 | D:2      | Found a shimmering altar of Xom.
   915 | D:2      | Noticed a hungry ghost
   916 | D:2      | Noticed a spectral ugly thing
   916 | D:2      | Noticed a hungry ghost
   948 | D:2      | Reached skill level 3 in Unarmed Combat
   974 | D:2      | Found a stormy altar of Qazlal.
  1170 | D:2      | Reached XP level 4. HP: 25/39 MP: 6/6
  1381 | D:3      | Noticed Terence
  1391 | D:3      | Killed Terence
  1391 | D:3      | Reached skill level 4 in Unarmed Combat
  1476 | D:3      | Noticed Natasha
  1485 | D:3      | Killed Natasha
  1506 | D:3      | Noticed Natasha
  1516 | D:3      | Killed Natasha
  1516 | D:3      | Reached XP level 5. HP: 34/45 MP: 7/7
  1732 | D:3      | Reached skill level 5 in Unarmed Combat
  2004 | D:3      | Noticed Natasha
  2010 | D:3      | Killed Natasha
  2335 | D:4      | Reached skill level 6 in Unarmed Combat
  2335 | D:4      | Reached XP level 6. HP: 12/53 MP: 8/8
  2542 | D:4      | Got a transparent mace
  2574 | D:4      | Found Anuyfy's Distillery.
  2595 | D:4      | Bought a potion of curing for 42 gold pieces
  2769 | D:4      | Reached skill level 7 in Unarmed Combat
  2984 | D:4      | Reached XP level 7. HP: 40/59 MP: 9/9
  3108 | D:4      | Found a sparkling altar of Nemelex Xobeh.
  3202 | D:5      | Entered Level 5 of the Dungeon
  3221 | D:5      | Reached skill level 8 in Unarmed Combat
  3653 | D:5      | Found a shadowy altar of Dithmenos.
  3743 | D:5      | Found a snail-covered altar of Cheibriados.
  3789 | D:6      | Reached skill level 9 in Unarmed Combat
  3946 | D:6      | Reached XP level 8. HP: 48/67 MP: 10/10
  4048 | D:5      | Became a worshipper of Cheibriados the Contemplative
  4116 | D:6      | Learned a level 2 spell: Blink
  4120 | D:6      | Learned a level 3 spell: Conjure Flame
  4124 | D:6      | Learned a level 3 spell: Mephitic Cloud
  4153 | D:6      | HP: 2/100 [cloud of flame (11)]
  4157 | D:6      | Engulfed by a cloud of flame

Skill      XL: |  1  2  3  4  5  6  7 |
---------------+----------------------+-----
Unarmed Combat | 1 2 3 4 6 7 9 |  9.9
Dodging        | |  1.5
Stealth        | |  1.0
Spellcasting   | |  2.0
Conjurations   | |  0.6
Summonings     | |  0.6
Translocations | |  0.6

Action                   |  1- 3 |  4- 6 |  7- 9 || total
-------------------------+-------+-------+-------++-------
Melee: Unarmed           |    84 |   197 |    90 ||   371
       Punch             |       |     3 |     2 ||     5
Throw: Tomahawk          |       |     2 |     2 ||     4
       Large rock        |       |     2 |     1 ||     3
 Cast: Magic Dart        |       |     3 |    16 ||    19
Invok: Bend Time         |       |       |     1 ||     1
  Use: Potion            |       |       |     4 ||     4
       Scroll            |       |       |     3 ||     3
  Eat: Chunk             |    15 |    18 |    11 ||    44
Armor: Robe              |    30 |    55 |    33 ||   118
       Skin              |       |       |    14 ||    14
Dodge: Dodged            |    39 |   100 |    30 ||   169
